 Dungeon Crawl Stone Soup version 0.32-a0-391-gce5c0aab1b (webtiles) character file.

Game seed: 17266089267523806487

18690 LobsterGuardian the Grappler (level 12, -2/92 HPs)
             Began as a Yellow Draconian Shapeshifter on Feb 19, 2024.
             Was a Believer of Yredelemnul.
             Slain by an eight-headed hydra (8 damage)
             ... on level 13 of the Dungeon.
             The game lasted 00:38:27 (12347 turns).

LobsterGuardian the Grappler (DrSh)                Turns: 12347, Time: 00:38:28

Health: -2/92      AC:  8    Str: 16    XL:     12   Next: 29%
Magic:  17/17      EV: 18    Int: 12    God:    Yredelemnul [**....]
Gold:   2218       SH:  0    Dex: 27    Spells: 11/11 levels left

rFire   . .          .
                       - Unarmed
rCold   . . .        (no shield)
rNeg    + + .        (body armour unavailable)
rPois   .            u - melded +0 hat
rElec   .            I - melded +0 cloak
rCorr   +            y - melded +0 pair of gloves
SInv    .            m - melded +0 pair of boots
Will    .....        z - amulet "Goti" {rN++ Regen+}
Stlth   +++++        i - +6 ring of dexterity
HPRegen 1.15/turn    r - +6 ring of dexterity
MPRegen 0.15/turn

%: clarity
@: short of breath, beast-form, wreathed by umbra
A: beast (slay +4), spit acid, AC +8, unfitting armour, cold-blooded, acid
resistance, talons 1, clarity
a: Breathe Acid, Begin Untransformation, Renounce Religion, Light the Black
Torch, Recall Undead Harvest, Hurl Torchlight


You were on level 13 of the Dungeon.
You worshipped Yredelemnul.
Yredelemnul was noncommittal.
You were a hulking beast.
You visited 2 branches of the dungeon, and saw 14 of its levels.

You collected 2790 gold pieces.
You spent 572 gold pieces at shops.

Inventory:

Missiles
 g - 3 throwing nets
Armour
 m - a +0 pair of boots (melded)
 u - a +0 hat (melded)
 y - a +0 pair of gloves (melded)
 I - a +0 cloak (melded)
Jewellery
 i - a +6 ring of dexterity (left hand)
 j - a ring of flight
 o - a ring of positive energy
 r - a +6 ring of dexterity (right hand)
 v - a +4 ring of protection
 z - the amulet "Goti" (around neck) {rN++ Regen+}
   (You found it on level 6 of the Dungeon)

   [amulet of regeneration]

   rN++:      It greatly protects you from negative energy.
   Regen+:    It increases your rate of health regeneration.
Talismans
 b - a beast talisman (active)
 c - a flux talisman
Wands
 f - a wand of digging (6)
 A - a wand of charming (9)
 B - a wand of light (1)
 C - a wand of flame (36)
Scrolls
 d - 2 scrolls of fog
 e - 7 scrolls of vulnerability
 t - 4 scrolls of revelation
 w - 2 scrolls of teleportation
 x - 4 scrolls of immolation
 D - a scroll of silence
 G - a scroll of identify
 H - 3 scrolls of poison
 J - a scroll of enchant armour {unknown}
Potions
 a - 2 potions of lignification
 h - 2 potions of attraction
 k - 4 potions of brilliance
 l - a potion of enlightenment
 n - 2 potions of mutation
 p - a potion of magic
 q - 2 potions of curing
 s - a potion of haste
 E - 5 potions of ambrosia


   Skills:
 + Level 4.6 Fighting
 + Level 6.7 Dodging
 + Level 5.1 Stealth
 + Level 13.4 Unarmed Combat
 * Level 7.9 Invocations
 * Level 9.9 Shapeshifting


You had 11 spell levels left.
You didn't know any spells.
Your spell library contained the following spells:

 Spells                   Type           Power      Damage    Failure   Level
 Freeze                   Ice            0%         1d3       32%         1
 Shock                    Conj/Air       0%         1d3       32%         1
 Frozen Ramparts          Ice            0%         1d1       69%         3
 Fugue of the Fallen      Necr           0%         N/A       69%         3
 Hailstorm                Conj/Ice       0%         3d5       69%         3
 Ozocubu's Armour         Ice            0%         N/A       69%         3
 Swiftness                Air            0%         N/A       69%         3
 Airstrike                Air            0%         2d(0-16)  97%         4
 Manifold Assault         Tloc           0%         N/A       97%         4


Dungeon Overview and Level Annotations

Branches:
Dungeon (13/15)            Temple (1/1) D:6            Lair (0/5) D:10
    Orc (0/2) D:10
 Vaults: D:13-14

Altars:
Ashenzari
Cheibriados
Dithmenos
Elyvilon
Fedhas
Gozag
Hepliaklqana
Kikubaaqudgha
Makhleb
Nemelex Xobeh
Okawaru
Qazlal
Ru
Sif Muna
Trog
Uskayaw
Vehumet
Wu Jian
Xom
Yredelemnul
Zin
The Shining One

Shops:
D:1 =   D:4 *([   D:7 ?   D:8 (   D:9 ?


Innate Abilities, Weirdness & Mutations

You are a hulking beast.
Your limbs bulge with bestial killing power. (Slay +4)
You can spit globs of acid.
Your golden yellow scales are hard. (AC +8)
You cannot fit into any form of body armour.
You are cold-blooded and may be slowed by cold attacks.
You are resistant to acid. (rCorr)
You have sharp toenails.
You possess an exceptional clarity of mind.


Message History

The eight-headed hydra bites your wight.
The eight-headed hydra closely misses your wight.
The eight-headed hydra bites your wight!
Your wight is destroyed!
Your wight returns to the grave!
The eight-headed hydra bites your wight!
The eight-headed hydra bites your wight but does no damage.
The eight-headed hydra bites your wight!
Your wight is destroyed!
Your wight returns to the grave!
The eight-headed hydra roars!
Unknown command.
The centaur warrior shoots an arrow.
The arrow hits you.
The centaur shoots an arrow.
The arrow closely misses you.
Your wight barely misses the eight-headed hydra.
The centaur shoots an arrow.
The arrow misses you.
The centaur warrior shoots an arrow.
The arrow hits you!
* * * LOW HITPOINT WARNING * * *
Unknown command.
Unknown command.
Unknown command.
Unknown command.
Unknown command.
You hit the eight-headed hydra.
Your kick misses the eight-headed hydra.
The eight-headed hydra is severely wounded.
The centaur warrior shoots an arrow.
The arrow hits you.
* * * LOW HITPOINT WARNING * * *
The centaur shoots an arrow.
The arrow closely misses you.
Your wight closely misses the eight-headed hydra.
The eight-headed hydra bites you but does no damage.
The eight-headed hydra misses you. x2; The eight-headed hydra bites you.
* * * LOW HITPOINT WARNING * * *
The eight-headed hydra bites you.
* * * LOW HITPOINT WARNING * * *
The eight-headed hydra bites you.
* * * LOW HITPOINT WARNING * * *
The eight-headed hydra bites you!
You die...
Your body rises from the dead as a mindless zombie.

...................#
.########'###......#
#.......)..#........
#.?...)....#.######.
#..........#.#
#....Z.....#.+
#....z..####.#
#....D).# #.....h.#
#...c...# #...c...#
#.......# #.......#
#.......' #.......#
#.......#


You could see an eight-headed hydra (slow, ally target), a centaur warrior
(blind, unable to see you), a centaur, a friendly wight (summoned) and the
friendly Jorgrun the dwarf zombie.

Vanquished Creatures
  Jorgrun (D:13)
  Azrael (D:12)
  2 slime creatures (D:12)
  A two-headed ogre (D:9)
  Pikel (D:7)
  4 cyclopes
  Maggie (D:8)
  4 unseen horrors
  A kobold demonologist (D:11)
  3 trolls
  A queen bee (D:9)
  Sigmund (D:2)
  A warg (D:10)
  3 yaks
  2 wraiths (D:13)
  A redback (D:10)
  2 vampire mosquitoes (D:12)
  2 fire elementals (D:12)
  2 hell hounds (D:12)
  2 acid dragons (D:10)
  3 water moccasins
  2 orc warriors (D:10)
  Duvessa (D:7)
  A black bear (D:4)
  4 sky beasts
  An ogre (D:5)
  9 centaurs
  A wolf (D:10)
  A phantom (D:6)
  A lemure (D:7)
  5 kobold brigands (D:11)
  4 bullfrogs
  Blork the orc (D:6)
  2 scorpions
  3 wights (D:8)
  Dowan (D:7)
  22 killer bees (D:9)
  2 howler monkeys (D:11)
  3 electric eels (D:10)
  2 bombardier beetles
  4 orc priests
  2 hounds
  2 jellies
  Jessica (D:3)
  10 orc wizards
  2 sleepcaps
  5 iguanas
  Natasha (D:2)
  7 gnolls
  9 adders
  A white imp (D:5)
  2 dart slugs
  2 ribbon worms
  29 orcs
  7 endoplasms
  3 giant cockroaches
  7 goblins
  4 hobgoblins
  5 quokkas
  5 ball pythons
  5 frilled lizards
  8 kobolds
  7 rats
233 creatures vanquished.

Vanquished Creatures (collateral kills)
  A two-headed ogre (D:11)
  A gargoyle (D:12)
  A troll (D:10)
  A slime creature (D:12)
  A wraith (D:9)
  4 yaks
  A fire elemental (D:12)
  Menkaure (D:6)
  3 hell hounds (D:12)
  A sky beast (D:6)
  An ogre (D:7)
  A centaur (D:13)
  2 wolves (D:10)
  6 killer bees (D:9)
  3 hounds (D:10)
  3 sleepcaps
  An orc wizard (D:10)
  3 gnolls (D:6)
  An orc (D:10)
36 creatures vanquished.

Vanquished Creatures (others)
  A spectral efreet (D:12)
  An unseen horror zombie (D:12)
  A two-headed ogre zombie (D:9)
  4 hell hound zombies (D:12)
  A troll zombie (D:10)
  3 yak zombies
  A bullfrog zombie (D:6)
  4 killer bee zombies (D:9)
  2 hound zombies
  3 orc zombies
21 creatures vanquished.

Grand Total: 290 creatures vanquished

Notes
Turn   | Place    | Note
-------+----------+-------------------------------------------
     0 | D:1      | LobsterGuardian the Draconian Shapeshifter began the quest
                  | for the Orb.
     0 | D:1      | Reached XP level 1. HP: 16/16 MP: 1/1
    68 | D:1      | Reached XP level 2. HP: 23/23 MP: 2/2
   230 | D:1      | Found Hoacis's Jewellery Emporium.
   356 | D:1      | Reached XP level 3. HP: 21/28 MP: 3/3
   778 | D:1      | Gained mutation: You possess an exceptional clarity of
                  | mind. [potion of mutation]
   778 | D:1      | Gained mutation: You have sharp toenails. [potion of
                  | mutation]
   812 | D:2      | Reached skill level 4 in Unarmed Combat
  1221 | D:2      | Noticed Natasha
  1230 | D:2      | Killed Natasha
  1231 | D:2      | Reached XP level 4. HP: 31/35 MP: 4/4
  1285 | D:2      | Found a faded altar of an unknown god.
  1520 | D:2      | Noticed Sigmund
  1528 | D:2      | Killed Sigmund
  1529 | D:2      | Reached skill level 5 in Unarmed Combat
  1529 | D:2      | Reached XP level 5. HP: 27/40 MP: 5/5
  1658 | D:2      | Reached XP level 6. HP: 47/47 MP: 6/6
  1813 | D:3      | Reached skill level 6 in Unarmed Combat
  2200 | D:3      | Noticed Jessica
  2206 | D:3      | Killed Jessica
  2609 | D:4      | Found a shadowy altar of Dithmenos.
  2788 | D:4      | Reached skill level 7 in Unarmed Combat
  2788 | D:4      | Your scales start taking on a golden yellow colour.
  2788 | D:4      | Reached XP level 7. HP: 48/52 MP: 7/7
  2788 | D:4      | Gained mutation: You are resistant to acid. (rCorr) [Yellow
                  | Draconian growth]
  3033 | D:4      | Found Qohacvymp's Antique Armour Boutique.
  3033 | D:4      | Found Zofumeasm's Antique Weapon Boutique.
  3036 | D:4      | Found Mipumm Faesk's Assorted Antiques.
  3042 | D:4      | Upgraded the game from 0.32-a0-361-g289a535e89 to
                  | 0.32-a0-391-gce5c0aab1b
  3278 | D:5      | Entered Level 5 of the Dungeon
  3814 | D:5      | Reached skill level 8 in Unarmed Combat
  4430 | D:5      | Reached XP level 8. HP: 61/61 MP: 8/8
  4826 | D:6      | Reached skill level 5 in Shapeshifting
  4874 | D:6      | Reached skill level 1 in Stealth
  4957 | D:6      | Found a staircase to the Ecumenical Temple.
  4965 | Temple   | Entered the Ecumenical Temple
  4987 | Temple   | Became a worshipper of Yredelemnul the Fallen
  5050 | D:6      | Reached skill level 1 in Invocations
  5054 | D:6      | Reached skill level 9 in Unarmed Combat
  5138 | D:6      | Identified the amulet "Goti" {rN++ Regen+}
  5237 | D:6      | Noticed Menkaure
  5251 | D:6      | Killed Menkaure
  5387 | D:6      | Reached XP level 9. HP: 33/68 MP: 10/10
  5544 | D:6      | Noticed Blork the orc
  5551 | D:6      | Killed Blork the orc
  5948 | D:7      | Found a blossoming altar of Fedhas.
  6448 | D:7      | Noticed Duvessa
  6457 | D:7      | Noticed Dowan
  6463 | D:7      | Killed Duvessa
  6469 | D:7      | Killed Dowan
  6623 | D:7      | Found Ytulakhi's Magic Scroll Boutique.
  6695 | D:7      | Noticed Pikel
  6708 | D:7      | Killed Pikel
  6709 | D:7      | Reached skill level 10 in Unarmed Combat
  6887 | D:8      | Noticed Maggie
  6901 | D:8      | Killed Maggie
  6905 | D:8      | Reached XP level 10. HP: 76/77 MP: 13/13
  7115 | D:8      | Reached * piety under Yredelemnul
  7450 | D:8      | Found Hotracse's Weapon Emporium.
  7504 | D:9      | Noticed a two-headed ogre
  7510 | D:9      | Killed a two-headed ogre
  7514 | D:9      | Identified the +2 mace of Cheese {heavy, rElec Will+ Int+3
                  | Dex+3}
  7579 | D:9      | Found Huptivi's Magic Scroll Shop.
  7594 | D:9      | Reached skill level 5 in Dodging
  7635 | D:9      | Found a sparkling altar of Nemelex Xobeh.
  7651 | D:9      | Noticed a cyclops
  7661 | D:9      | Killed a cyclops
  7662 | D:9      | Reached skill level 11 in Unarmed Combat
  7662 | D:9      | Reached skill level 5 in Invocations
  7678 | D:9      | Identified the +9 war axe "Ituod" {freeze, ^Contam *Rage
                  | rN+++ Int+3}
  8056 | D:9      | Identified a scroll of acquirement
  8057 | D:9      | Acquired 749 gold pieces
  8351 | D:7      | Bought a scroll of acquirement for 572 gold pieces
  8351 | D:7      | Acquired 1267 gold pieces
  8718 | D:10     | Entered Level 10 of the Dungeon
  8726 | D:10     | Identified the +0 sling of False Hope {drain, Will+ Dex+3}
  8737 | D:10     | Reached XP level 11. HP: 69/82 MP: 15/15
  8776 | D:10     | Reached ** piety under Yredelemnul
  8852 | D:10     | Found a burning altar of Makhleb.
  8861 | D:10     | Found a staircase to the Orcish Mines.
  8938 | D:10     | Found a staircase to the Lair.
  9072 | D:10     | Found a broken altar of Ashenzari.
  9152 | D:10     | Found a hazy altar of Hepliaklqana.
  9252 | D:10     | Reached skill level 12 in Unarmed Combat
  9708 | D:10     | Identified the +4 arbalest of Ossarphe {antimagic, +Blink}
  9904 | D:11     | Noticed a two-headed ogre
  9912 | D:11     | Killed a two-headed ogre
 11271 | D:12     | Noticed Azrael
 11364 | D:12     | Killed Azrael
 11813 | D:12     | Reached skill level 13 in Unarmed Combat
 11813 | D:12     | Reached XP level 12. HP: 56/92 MP: 17/17
 11915 | D:12     | Your ally Azrael died
 12221 | D:13     | Noticed Jorgrun
 12233 | D:13     | Killed Jorgrun
 12284 | D:13     | Reached skill level 5 in Stealth
 12322 | D:13     | Noticed a centaur warrior
 12340 | D:13     | Noticed an eight-headed hydra
 12347 | D:13     | Slain by an eight-headed hydra

Illustrated notes

Levels and vault maps discovered:
D:1:      amcnicky_arrival_underground_garden, layout_loops_ring, serial_shops,
          nicolae_square_shop, minivault_4, nrook_mini_backslash
D:2:      layout_loops_corners, ebering_ecumenical_altar_hall,
          nicolae_twisty_statue_hallways, uniq_natasha, uniq_sigmund
D:3:      layout_loops_cross, uniq_jessica
D:4:      layout_loops_ring, mainiacjoe_overflow_brackets,
          nicolae_shop_distant_corner_stores, st_stairs_7
D:5:      layout_layer_cave, kennysheep_path_1
D:6:      layout_cave_pods, minmay_temple_entry_junction_2, uniq_blork_the_orc,
          uniq_menkaure
D:7:      layout_gridville, fedhas_altar_1, serial_shops,
          nicolae_shop_rolled_up, uniq_duvessa, uniq_pikel
D:8:      layout_basic, serial_shops, nicolae_shop_tiny_real_fake_doors,
          uniq_maggie
D:9:      layout_rooms, nemelex_xobeh_ov_fountains_minmay, special_room
          [special_room_bee], serial_shops, nicolae_shop_gibbet_a_chance
D:10:     layout_basic, worldfamousw_hep_ancestral_shrine,
          nicolae_ashenzari_skybound, lemuel_crystal_altar, erik_lair_island,
          david_orc_3, kennysheep_island_fort
D:11:     layout_stronghold
D:12:     layout_long_grid, uniq_azrael
D:13:     layout_irregular_city, hellmonk_vaults_keyhole, uniq_jorgrun,
          uniq_urug
Temple:   nicolae_temple_elliptical

Skill      XL: |  1  2  3  4  5  6  7  8  9 10 11 12 |
---------------+-------------------------------------+-----
Unarmed Combat | 4 5 7 8 9 10 11 13 | 13.4
Dodging        | 2 3 4 5 6 |  6.7
Shapeshifting  | 4 5 6 8 9 |  9.9
Fighting       | 2 3 4 |  4.6
Stealth        | 1 2 3 4 5 |  5.1
Invocations    | 2 4 5 7 |  7.9

Action                     |  1- 3 |  4- 6 |  7- 9 | 10-12 || total
---------------------------+-------+-------+-------+-------++-------
  Melee: Unarmed           |    52 |    85 |   216 |   335 ||   688
         Tailslap          |     9 |    14 |    36 |    59 ||   118
         Kick              |     5 |    24 |    50 |    50 ||   129
         Punch             |       |     3 |     6 |    12 ||    21
 Invoke: Light the Black T |       |       |     3 |     5 ||     8
         Recall Undead Har |       |       |     1 |     5 ||     6
         Hurl Torchlight   |       |       |       |     5 ||     5
Ability: Breathe Acid      |       |       |    17 |    27 ||    44
         Begin Untransform |       |       |     1 |       ||     1
  Evoke: Wand              |       |       |       |     3 ||     3
    Use: Scroll            |     2 |     5 |     6 |    11 ||    24
         Potion            |     1 |     3 |     1 |     8 ||    13
   Stab: Sleeping          |     3 |     4 |     4 |     6 ||    17
         Distracted        |     1 |       |     1 |     8 ||    10
 Armour: Skin              |    24 |    28 |   127 |   241 ||   420
  Dodge: Dodged            |    15 |    32 |   142 |   398 ||   587
   Form: Beast             |       |     1 |     3 |     3 ||     7
                           |       |     1 |       |     2 ||     3
         Flux              |       |       |     3 |       ||     3

Table legend: (Time is in decaauts)
 A = Elapsed time spent in this place.
 B = Non-inter-level travel time spent in this place.
 C = Inter-level travel time spent in this place.
 D = Time resting spent in this place.
 E = Time spent auto-exploring this place.
 F = Levels seen in this place.
 G = Mean time per level.
                   A        B        C        D        E       F      G
               +--------+--------+--------+--------+--------+-----+--------+
         Total |  12215 |  10853 |   1362 |      0 |   9125 |  14 |  872.5 |
       Dungeon |  12170 |  10851 |   1319 |      0 |   9125 |  13 |  936.2 |
        Temple |     44 |      1 |     43 |      0 |      0 |   1 |   44.0 |
               +--------+--------+--------+--------+--------+-----+--------+

Top non-repeatable levels by time:
     D:5: 1654 daAuts
     D:4: 1229 daAuts
     D:6: 1202 daAuts
    D:11: 1149 daAuts
    D:12: 1138 daAuts
    D:10: 1121 daAuts
     D:2: 914 daAuts
     D:1: 884 daAuts
     D:7: 793 daAuts
     D:8: 693 daAuts
     D:3: 664 daAuts
     D:9: 569 daAuts
    D:13: 154 daAuts
  Temple: 44 daAuts
